APP
TEXAS (APP) RANGERS @ DETROIT (APP) TIGERS
10/07/2044
 
TOP OF THE 1ST
Greeneville Astros batting - Pitching for Elizabethton Twins : RHP Lance Wheeler
Pitching: RHP Lance Wheeler
Batting: RHB Barry Brents 0-0: Called Strike
0-1: Foul Ball, location: 2F
0-2: Strikes out swinging
Batting: SHB Yoo-chul Jung 0-0: Ball
1-0: Called Strike
1-1: Swinging Strike
1-2: Strikes out swinging
Batting: LHB Rich Gomez 0-0: Foul Ball, location: 2F
0-1: Swinging Strike
0-2: Ball
1-2: Strikes out swinging
Top of the 1st over - 0 runs, 0 hits, 0 errors, 0 left on base; Greeneville 0 - Elizabethton 0
BOTTOM OF THE 1ST
Elizabethton Twins batting - Pitching for Greeneville Astros : RHP Aldomiro Camanho
Pitching: RHP Aldomiro Camanho
Batting: LHB Luis Tarango 0-0: Ball
1-0: Fly out, F7 (Flyball, 7D, EV 104.4 MPH)
Batting: RHB Steve Amiano 0-0: Swinging Strike
0-1: Ball
1-1: Ball
2-1: Ball
3-1: Base on Balls
Batting: RHB Danny Stein 0-0: Called Strike
0-1: Ball
1-1: Foul Ball, location: 2F
1-2: Foul Ball, location: 2F
1-2: Strikes out looking
Batting: SHB Ivan Batlle 0-0: Fly out, F8 (Flyball, 78XD, EV 98.1 MPH)
Bottom of the 1st over - 0 runs, 0 hits, 0 errors, 1 left on base; Greeneville 0 - Elizabethton 0
TOP OF THE 2ND
Greeneville Astros batting - Pitching for Elizabethton Twins : RHP Lance Wheeler
Batting: RHB Garrett Pálsson 0-0: Foul Ball, location: 2F
0-1: Foul Ball, location: 2F
0-2: Ball
1-2: Strikes out looking
Batting: RHB Matt Lancto 0-0: Ball
1-0: Ground out 5-3 (Groundball, 56S, EV 83.1 MPH)
Batting: SHB Dong Ming 0-0: Called Strike
0-1: Ball
1-1: Called Strike
1-2: Ball
2-2: Strikes out swinging
Top of the 2nd over - 0 runs, 0 hits, 0 errors, 0 left on base; Greeneville 0 - Elizabethton 0
BOTTOM OF THE 2ND
Elizabethton Twins batting - Pitching for Greeneville Astros : RHP Aldomiro Camanho
Batting: RHB Matt Horne 0-0: Ball
1-0: SOLO HOME RUN (Line Drive, 89XD, EV 104.4 MPH), Distance : 400 ft
Batting: RHB Justin Wright 0-0: Called Strike
0-1: Ball
1-1: Fly out, F8 (Flyball, 78S, EV 90.0 MPH)
Batting: RHB Constantino Gaivo 0-0: Fly out, F8 (Line Drive, 8LD, EV 84.4 MPH)
Batting: RHB Nate Diaz 0-0: Foul Ball, location: 2F
0-1: SINGLE (Groundball, 6MD, EV 98.1 MPH)
Batting: SHB Nick Miller 0-0: Swinging Strike
0-1: Ball
1-1: Ball
2-1: Foul Ball, location: 2F
2-2: Ball
3-2: Ground out 6-3 (Groundball, 6, EV 83.1 MPH)
Bottom of the 2nd over - 1 run, 2 hits, 0 errors, 1 left on base; Greeneville 0 - Elizabethton 1
TOP OF THE 3RD
Greeneville Astros batting - Pitching for Elizabethton Twins : RHP Lance Wheeler
Batting: LHB John Maxwell 0-0: Called Strike
0-1: Ball
1-1: Swinging Strike
1-2: Ball
2-2: Strikes out looking
Batting: SHB David Pinder 0-0: Swinging Strike
0-1: Foul Ball, location: 2F
0-2: Strikes out looking
Batting: RHB Antonio Saldana 0-0: Ball
1-0: DOUBLE (Flyball, 8LD, EV 89.4 MPH)
Batting: RHB Barry Brents 0-0: Ball
1-0: Swinging Strike
1-1: Foul Ball, location: 2F
1-2: Strikes out swinging
Top of the 3rd over - 0 runs, 1 hit, 0 errors, 1 left on base; Greeneville 0 - Elizabethton 1
BOTTOM OF THE 3RD
Elizabethton Twins batting - Pitching for Greeneville Astros : RHP Aldomiro Camanho
Batting: LHB Luis Tarango 0-0: Ball
1-0: DOUBLE (Groundball, 3L, EV 102.5 MPH)
Batting: RHB Steve Amiano 0-0: Foul Ball, location: 2F
0-1: Ball
1-1: Ball
2-1: Foul Ball, location: 2F
2-2: Ball
3-2: Foul Ball, location: 2F
3-2: Base on Balls
Batting: RHB Danny Stein 0-0: Ball
1-0: Fielders Choice at 2nd, 3-6 (Groundball, 34, EV 80.0 MPH)
Luis Tarango to third
Batting: SHB Ivan Batlle 0-0: Called Strike
0-1: Ball
1-1: Ball
Wild Pitch!
Luis Tarango scores
Danny Stein to second
2-1: Swinging Strike
2-2: SINGLE (Groundball, 6, EV 104.4 MPH) (infield hit)
Danny Stein to third
Batting: RHB Matt Horne 0-0: Ground out 4-3 (Groundball, 4MS, EV 90.6 MPH)
Danny Stein scores
Ivan Batlle to second
Batting: RHB Justin Wright 0-0: Called Strike
0-1: Called Strike
0-2: Foul Ball, location: 2F
0-2: SINGLE (Groundball, 56, EV 81.3 MPH) (infield hit)
Ivan Batlle to third
Batting: RHB Constantino Gaivo 0-0: Ball
1-0: Foul Ball, location: 2F
1-1: Foul Ball, location: 2F
1-2: Strikes out swinging
Bottom of the 3rd over - 2 runs, 3 hits, 0 errors, 2 left on base; Greeneville 0 - Elizabethton 3
TOP OF THE 4TH
Greeneville Astros batting - Pitching for Elizabethton Twins : RHP Lance Wheeler
Batting: SHB Yoo-chul Jung 0-0: Ground out 5-3 (Groundball, 56S, EV 70.6 MPH)
Batting: LHB Rich Gomez 0-0: DOUBLE (Flyball, 8LD, EV 98.1 MPH)
Batting: RHB Garrett Pálsson 0-0: Called Strike
0-1: Ground out 5-3 (Groundball, 56, EV 80.6 MPH)
Batting: RHB Matt Lancto 0-0: Ball
1-0: Swinging Strike
1-1: Ball
2-1: Swinging Strike
2-2: Ball
3-2: Base on Balls
Batting: SHB Dong Ming 0-0: Ball
1-0: Ground out 4-3 (Groundball, 4, EV 102.5 MPH)
Top of the 4th over - 0 runs, 1 hit, 0 errors, 2 left on base; Greeneville 0 - Elizabethton 3
BOTTOM OF THE 4TH
Elizabethton Twins batting - Pitching for Greeneville Astros : RHP Aldomiro Camanho
Batting: RHB Nate Diaz 0-0: Ground out 1-3 (Groundball, 13, EV 90.0 MPH)
Batting: SHB Nick Miller 0-0: DOUBLE (Groundball, 5L, EV 101.3 MPH)
Batting: LHB Luis Tarango 0-0: Ball
1-0: Called Strike
1-1: Fly out, F7 (Flyball, 7S, EV 76.3 MPH)
Batting: RHB Steve Amiano 0-0: Swinging Strike
0-1: Foul Ball, location: 2F
0-2: SINGLE (Groundball, 6MD, EV 97.5 MPH)
Nick Miller to third
Batting: RHB Danny Stein 0-0: Called Strike
0-1: Ball
1-1: Ball
2-1: Ball
3-1: Foul Ball, location: 2F
3-2: Fly out, F7 (Line Drive, 7, EV 92.5 MPH)
Bottom of the 4th over - 0 runs, 2 hits, 0 errors, 2 left on base; Greeneville 0 - Elizabethton 3
TOP OF THE 5TH
Greeneville Astros batting - Pitching for Elizabethton Twins : RHP Lance Wheeler
Batting: LHB John Maxwell 0-0: Foul Ball, location: 2F
0-1: Swinging Strike
0-2: Strikes out looking
Batting: SHB David Pinder 0-0: Foul Ball, location: 2F
0-1: Ball
1-1: Ball
2-1: SINGLE (Groundball, 4MD, EV 96.9 MPH)
Batting: RHB Antonio Saldana 0-0: Ball
1-0: Called Strike
1-1: Swinging Strike
1-2: Ball
2-2: Ball
3-2: Foul Ball, location: 2F
3-2: Strikes out swinging
Batting: RHB Barry Brents 0-0: Foul Ball, location: 2F
0-1: Ball
1-1: Ball
2-1: Foul Ball, location: 2F
2-2: Hit by Pitch
David Pinder to second
Batting: SHB Yoo-chul Jung 0-0: Called Strike
0-1: SINGLE (Groundball, 4MD, EV 103.8 MPH)
David Pinder to third
Barry Brents to second
Batting: LHB Rich Gomez 0-0: Fly out, F8 (Flyball, 8RM, EV 95.0 MPH)
Top of the 5th over - 0 runs, 2 hits, 0 errors, 3 left on base; Greeneville 0 - Elizabethton 3
BOTTOM OF THE 5TH
Elizabethton Twins batting - Pitching for Greeneville Astros : RHP Aldomiro Camanho
Batting: SHB Ivan Batlle 0-0: Called Strike
0-1: Foul Ball, location: 2F
0-2: Ball
1-2: Ball
2-2: Strikes out looking
Batting: RHB Matt Horne 0-0: Foul Ball, location: 2F
0-1: Called Strike
0-2: Ball
1-2: Ball
2-2: SINGLE (Line Drive, 6D, EV 108.1 MPH)
Pitching: RHP Josh Alacron
Batting: RHB Justin Wright 0-0: Ball
1-0: Ball
2-0: Ball
3-0: Called Strike
3-1: Base on Balls
Matt Horne to second
Batting: RHB Constantino Gaivo 0-0: Ball
1-0: Swinging Strike
1-1: Fielders Choice at 2nd, 5-4 (Groundball, 56S, EV 86.9 MPH)
Matt Horne to third
Batting: RHB Nate Diaz 0-0: Called Strike
0-1: DOUBLE (Line Drive, 8RXD, EV 99.4 MPH)
Matt Horne scores
Constantino Gaivo to third
Runner from 3rd tries for Home, SAFE, no throw by CF
Batting: SHB Nick Miller 0-0: Ball
1-0: Called Strike
1-1: Ball
2-1: Foul Ball, location: 2F
2-2: Strikes out swinging
Bottom of the 5th over - 2 runs, 2 hits, 0 errors, 1 left on base; Greeneville 0 - Elizabethton 5
TOP OF THE 6TH
Greeneville Astros batting - Pitching for Elizabethton Twins : RHP Lance Wheeler
Batting: RHB Garrett Pálsson 0-0: Called Strike
0-1: Swinging Strike
0-2: Ground out 5-3 (Groundball, 56S, EV 61.9 MPH)
Batting: RHB Matt Lancto 0-0: Foul Ball, location: 2F
0-1: Called Strike
0-2: Ball
1-2: Foul Ball, location: 2F
1-2: Strikes out swinging
Batting: SHB Dong Ming 0-0: Called Strike
0-1: Called Strike
0-2: Ball
1-2: Strikes out swinging
Top of the 6th over - 0 runs, 0 hits, 0 errors, 0 left on base; Greeneville 0 - Elizabethton 5
BOTTOM OF THE 6TH
Elizabethton Twins batting - Pitching for Greeneville Astros : RHP Josh Alacron
Batting: LHB Luis Tarango 0-0: Ball
1-0: Ground out 4-3 (Groundball, 4, EV 78.1 MPH)
Batting: RHB Steve Amiano 0-0: Foul Ball, location: 2F
0-1: Ball
1-1: Called Strike
1-2: Ball
2-2: SINGLE (Line Drive, 6D, EV 106.3 MPH)
Batting: RHB Danny Stein 0-0: Called Strike
0-1: Called Strike
0-2: Foul Ball, location: 2F
0-2: Ball
Passed Ball!
Steve Amiano to second
1-2: Foul Ball, location: 2F
1-2: Ball
2-2: Ground out 1-3 (Groundball, 13S, EV 70.0 MPH)
Steve Amiano to third
Batting: SHB Ivan Batlle 0-0: Called Strike
0-1: Ball
1-1: Ball
2-1: Ball
3-1: Foul Ball, location: 2F
3-2: SINGLE (Groundball, 34D, EV 107.5 MPH)
Steve Amiano scores
Batting: RHB Matt Horne 0-0: Called Strike
0-1: SINGLE (Line Drive, 9S, EV 100.6 MPH)
Ivan Batlle to second
Batting: RHB Justin Wright 0-0: Foul Ball, location: 2F
0-1: Swinging Strike
0-2: Strikes out swinging
Bottom of the 6th over - 1 run, 3 hits, 0 errors, 2 left on base; Greeneville 0 - Elizabethton 6
TOP OF THE 7TH
Greeneville Astros batting - Pitching for Elizabethton Twins : RHP Lance Wheeler
Batting: LHB John Maxwell 0-0: Foul Ball, location: 2F
0-1: Ball
1-1: Called Strike
1-2: Foul Ball, location: 2F
1-2: Ball
2-2: Strikes out looking
Batting: SHB David Pinder 0-0: Ball
1-0: Ball
2-0: Ground out 6-3 (Groundball, 6, EV 80.6 MPH)
Batting: RHB Antonio Saldana 0-0: SINGLE (Groundball, 6D, EV 93.8 MPH)
Batting: RHB Barry Brents 0-0: Ball
1-0: Fly out, F9 (Line Drive, 9, EV 93.8 MPH)
Top of the 7th over - 0 runs, 1 hit, 0 errors, 1 left on base; Greeneville 0 - Elizabethton 6
BOTTOM OF THE 7TH
Elizabethton Twins batting - Pitching for Greeneville Astros : RHP Josh Alacron
Batting: RHB Constantino Gaivo 0-0: Ball
1-0: Ball
2-0: Swinging Strike
2-1: Called Strike
2-2: Fly out, F8 (Line Drive, 8LD, EV 86.9 MPH)
Batting: RHB Nate Diaz 0-0: Called Strike
0-1: Ball
1-1: Ball
2-1: Ball
3-1: Base on Balls
Batting: SHB Nick Miller 0-0: Called Strike
0-1: Swinging Strike
0-2: Ball
1-2: Ball
2-2: Strikes out swinging
Batting: LHB Luis Tarango 0-0: Ball
1-0: Called Strike
1-1: Foul Ball, location: 2F
1-2: Ground out 4-3 (Groundball, 4, EV 81.3 MPH)
Bottom of the 7th over - 0 runs, 0 hits, 0 errors, 1 left on base; Greeneville 0 - Elizabethton 6
TOP OF THE 8TH
Greeneville Astros batting - Pitching for Elizabethton Twins : RHP Lance Wheeler
Batting: SHB Yoo-chul Jung 0-0: Called Strike
0-1: Called Strike
0-2: Ball
1-2: Ball
2-2: Ball
3-2: Foul Ball, location: 2F
3-2: Foul Ball, location: 2F
3-2: Strikes out swinging
Batting: LHB Rich Gomez 0-0: Ball
1-0: Swinging Strike
1-1: Foul Ball, location: 2F
1-2: Strikes out looking
Batting: RHB Garrett Pálsson 0-0: Swinging Strike
0-1: Ground out 6-3 (Groundball, 56D, EV 81.9 MPH)
Top of the 8th over - 0 runs, 0 hits, 0 errors, 0 left on base; Greeneville 0 - Elizabethton 6
BOTTOM OF THE 8TH
Elizabethton Twins batting - Pitching for Greeneville Astros : RHP Josh Alacron
Batting: RHB Steve Amiano 0-0: Called Strike
0-1: Ball
1-1: Ball
2-1: Ball
3-1: Base on Balls
Pitching: RHP Ralph Gentile
Batting: RHB Danny Stein 0-0: Ball
1-0: Foul Ball, location: 2F
1-1: Foul Ball, location: 2F
1-2: Foul Ball, location: 2F
1-2: Ball
2-2: SINGLE (Line Drive, 56, EV 96.3 MPH)
Steve Amiano to second
Batting: SHB Ivan Batlle 0-0: Ground out U3 (Groundball, 34S, EV 62.5 MPH)
Steve Amiano to third
Danny Stein to second
Batting: RHB Matt Horne 0-0: Foul Ball, location: 2F
0-1: Foul Ball, location: 2F
0-2: Foul Ball, location: 2F
0-2: Ground out 6-3 (Groundball, 6, EV 88.8 MPH)
Steve Amiano scores
Batting: RHB Justin Wright 0-0: Swinging Strike
0-1: Ground out 5-3 (Groundball, 56, EV 107.5 MPH)
Bottom of the 8th over - 1 run, 1 hit, 0 errors, 1 left on base; Greeneville 0 - Elizabethton 7
TOP OF THE 9TH
Greeneville Astros batting - Pitching for Elizabethton Twins : RHP Lance Wheeler
Pinch Hitting: SHB Gustavo Robles 0-0: Fly out, F9 (Flyball, 9LDF, EV 108.8 MPH)
Batting: SHB Dong Ming 0-0: Foul Ball, location: 2F
0-1: Ground out 1-3 (Groundball, 15S, EV 63.8 MPH)
Batting: LHB John Maxwell 0-0: Ball
1-0: Called Strike
1-1: Called Strike
1-2: Strikes out swinging
Top of the 9th over - 0 runs, 0 hits, 0 errors, 0 left on base; Greeneville 0 - Elizabethton 7
Thursday, March 31st , 2022 - OOTP Baseball 22.12 Build 89